 Dungeon Crawl Stone Soup version 0.28-a0-779-g3d1f99b579 (webtiles) character file.

Game seed: 11946430521453397048

1464 ytrimaz the Skirmisher (level 8, 0/61 (68) HPs)
             Began as a Demonspawn Fighter on Nov 2, 2021.
             Was an Initiate of Gozag.
             Slain by a hornet (6 damage)
             ... while paralysed by a hornet
             ... on level 6 of the Dungeon.
             The game lasted 00:08:25 (6685 turns).

ytrimaz the Skirmisher (Demonspawn Fighter)         Turns: 6685, Time: 00:08:26

HP:   0/61 (68)     AC: 11    Str: 19    XL:     8   Next: 48%
MP:   8/8           EV:  2    Int: 10    God:    Gozag
Gold: 323           SH:  0    Dex: 12    Spells: 7/7 levels left

rFire   . . .      SeeInvis .   a - +0 rapier (vamp)
rCold   . . .      Faith    .   c - +0 buckler
rNeg    . . .      Spirit   .   b - +0 scale mail
rPois   .          Reflect  +   (no helmet)
rElec   .          Harm     .   (no cloak)
rCorr   .          Rampage  .   s - +0 pair of gloves
Will    .....                   (no boots)
Stlth   ..........              m - amulet of reflection
HPRegen 0.20/turn               (no ring)
MPRegen 0.11/turn               (no ring)

@: paralysed, slowed, heavily drained
A: rugged brown scales 2, ignite blood 1, demonic touch 2
a: Renounce Religion, Potion Petition, Call Merchant, Bribe Branch


You were on level 6 of the Dungeon.
You worshipped Gozag.
Gozag was aware of your devotion.
You visited 2 branches of the dungeon, and saw 7 of its levels.
You also visited: Sewer.

You collected 403 gold pieces.
You paid 80 gold pieces to Gozag.

Inventory:

Hand Weapons
 a - a +0 vampiric rapier (weapon)
 d - a +6 club
Armour
 b - a +0 scale mail (worn)
 c - a +0 buckler (worn)
 s - a +0 pair of gloves (worn)
Jewellery
 m - an amulet of reflection (around neck)
 r - a ring of ice
Scrolls
 e - 3 scrolls of amnesia
 g - a scroll of vulnerability
 h - 5 scrolls of identify
 j - a scroll of noise
 q - a scroll of teleportation
Potions
 i - 3 potions of flight
 k - a potion of lignification {unknown}
 l - 2 potions of mutation {unknown}
 n - a potion of berserk rage {unknown}
 o - a potion of curing
 p - a potion of ambrosia {unknown}


   Skills:
 * Level 6.7 Fighting
 + Level 1.9 Short Blades
 - Level 0.4 Throwing
 + Level 6.3 Armour
 + Level 4.2 Dodging
 - Level 4.0 Shields


You had 7 spell levels left.
You didn't know any spells.
Your spell library contained the following spells:

 Spells                   Type           Power      Damage    Failure   Level
 Sublimation of Blood     Necr           0%         N/A       83%         2
 Olgreb's Toxic Radiance  Pois           0%         N/A       100%        4
 Petrify                  Tmut/Erth      0%         N/A       100%        4
 Irradiate                Conj/Tmut      0%         3d14      100%        5
 Ozocubu's Refrigeration  Ice            0%         4d5       100%        7
 Ignition                 Fire           0%         3d3       100%        8


Dungeon Overview and Level Annotations

Branches:
Dungeon (6/15)             Temple (1/1) D:5           Sewer (visited)

Altars:
Ashenzari
Cheibriados
Dithmenos
Elyvilon
Fedhas
Gozag
Hepliaklqana
Okawaru
Qazlal
Ru
Sif Muna
Trog
Vehumet
Wu Jian
Yredelemnul
Zin
The Shining One


Innate Abilities, Weirdness & Mutations

You are mostly covered in rugged brown scales. (AC +2, +5% HP)
Your demonic aura sometimes causes spilled blood to erupt in flames.
Your touch may inflict irresistible damage on your foes.


Message History

Things that are here:
4 gold pieces; a +2 mace of freezing; a +0 robe You hit the wight but do no damage.
The wight hits you with a +5 trident!
You throw a throwing net.
The throwing net closely misses the wight.
The throwing net hits the hornet.
The hornet is caught in the net!
The hornet struggles against the net. x2; The wight closely misses you.
Unknown command.
Nothing quivered!
You closely miss the wight.
The hornet struggles against the net.
You block the wight's attack.
You closely miss the wight.
The hornet struggles against the net.
The net rips apart, and the hornet comes free!
The hornet is distracted by your dazzling golden aura.
The wight closely misses you.
You hit the wight but do no damage. The wight closely misses you.
You hit the wight but do no damage.
The hornet is no longer distracted by gold.
The wight hits you but does no damage.
Okay, then.
Okay, then.
The wight hits you from afar with a +5 trident.
You feel drained.
You barely miss the hornet. You block the hornet's attack.
The hornet stings you!
You feel yourself slow down.
Unknown command.
You hit the hornet but do no damage. The hornet stings you.
You feel as though you will be slow longer.
You block the wight's attack. The hornet barely misses you.
The wight hits you from afar with a +5 trident.
You miss the hornet. The hornet stings you!
* * * LOW HITPOINT WARNING * * *
You suddenly lose the ability to move!
The hornet stings you!
* * * LOW HITPOINT WARNING * * *
You feel as though you will be slow longer.
The wight hits you from afar with a +5 trident.
* * * LOW HITPOINT WARNING * * *
You feel drained. The hornet stings you.
You die...
Your body crumbles into a pile of gold.

.# #..## +#.#+ ##.... ##
.######...###...###....#
$.....>.......8........#
..######...###...###...##
......##..## +#.#+ ##..#
#...z## #.# ##.# ####z#
##.## #.# #y# ##...## #.#
##@####.....####.#
#°...............#
#.#######.#####..# #.#
#........# #.# ##.####.##
#.# #.####.### #.#
#.#.......
#.########.#.#####.
#........... #.


You could see a hornet and 2 wights.

Vanquished Creatures
  Grinder (D:4)
  Sigmund (D:3)
  Edmund (D:5)
  An ice beast (D:6)
  A sky beast (D:5)
  An ogre (D:5)
  A kobold brigand (Sewer)
  A water moccasin zombie (D:5)
  A scorpion (D:5)
  A water moccasin skeleton (D:4)
  A wight (D:6)
  A jelly (D:3)
  Jessica (D:2)
  An iguana (D:5)
  Terence (D:3)
  3 orc wizards
  Robin (D:3)
  8 gnolls (D:4)
  5 adders
  2 river rats (Sewer)
  A worm (D:2)
  A dart slug (D:4)
  12 orcs
  5 endoplasms
  8 giant cockroaches
  12 goblins
  10 hobgoblins
  2 jackals (Sewer)
  7 quokkas
  3 ball pythons
  2 bats
  2 frilled lizards
  9 kobolds
  14 rats
122 creatures vanquished.

Notes
Turn   | Place    | Note
-------+----------+-------------------------------------------
     0 | D:1      | ytrimaz the Demonspawn Fighter began the quest for the Orb.
     0 | D:1      | Reached XP level 1. HP: 18/18 MP: 1/1
   121 | D:1      | Gained mutation: You are partially covered in rugged brown
                  | scales. (AC +1, +3% HP) [demonic ancestry]
   121 | D:1      | Reached XP level 2. HP: 17/24 MP: 2/2
   823 | D:1      | You fall into a shaft and drop 1 floor!
   854 | D:2      | Noticed Jessica
   861 | D:2      | Killed Jessica
   862 | D:2      | Reached skill level 1 in Dodging
   862 | D:2      | Gained mutation: Your touch may inflict minor irresistible
                  | damage on your foes. [demonic ancestry]
   862 | D:2      | Reached XP level 3. HP: 24/30 MP: 3/3
  1117 | D:2      | Found a faded altar of an unknown god.
  1724 | D:2      | Gained mutation: Your touch may inflict irresistible damage
                  | on your foes. [demonic ancestry]
  1724 | D:2      | Reached XP level 4. HP: 38/38 MP: 4/4
  2279 | D:3      | HP: 1/38 [acid (8)]
  2682 | D:3      | Found a glowing drain.
  2692 | Sewer    | Entered a sewer
  2704 | Sewer    | Gained mutation: Your demonic aura sometimes causes spilled
                  | blood to erupt in flames. [demonic ancestry]
  2704 | Sewer    | Reached XP level 5. HP: 30/43 MP: 5/5
  3223 | D:3      | Noticed Terence
  3246 | D:3      | Killed Terence
  3357 | D:3      | Found a blossoming altar of Fedhas.
  3366 | D:3      | Found a sacrificial altar of Ru.
  3380 | D:3      | Gained mutation: You are mostly covered in rugged brown
                  | scales. (AC +2, +5% HP) [demonic ancestry]
  3380 | D:3      | Reached XP level 6. HP: 43/52 MP: 6/6
  3643 | D:3      | Noticed Sigmund
  3644 | D:3      | Noticed Robin
  3671 | D:3      | Killed Sigmund
  3672 | D:3      | Reached skill level 5 in Fighting
  3699 | D:3      | Killed Robin
  3865 | D:4      | Reached XP level 7. HP: 53/58 MP: 7/7
  4273 | D:4      | Noticed Grinder
  4294 | D:4      | Paralysed by Grinder for 6 turns
  4306 | D:4      | Killed Grinder
  4446 | D:4      | Found a broken altar of Ashenzari.
  4936 | D:5      | Entered Level 5 of the Dungeon
  4963 | D:5      | Found a staircase to the Ecumenical Temple.
  4971 | Temple   | Entered the Ecumenical Temple
  5135 | Temple   | Became a worshipper of Gozag Ym Sagoz the Greedy
  5161 | D:5      | Reached skill level 5 in Armour
  5254 | D:5      | Noticed Edmund
  5279 | D:5      | Killed Edmund
  5495 | D:5      | Found a snail-covered altar of Cheibriados.
  5509 | D:5      | Reached XP level 8. HP: 54/67 MP: 8/8
  5669 | D:5      | Identified the +7 short sword of Harmony {freeze, *Noise
                  | rF+ Dex+7 Stlth+}
  6666 | D:6      | Noticed a hornet
  6685 | D:6      | Paralysed by a hornet for 1 turns
  6685 | D:6      | Slain by a hornet

Illustrated notes

Levels and vault maps discovered:
D:1:      beargit_arrival_greenhouse, layout_loops_ring, minmay_rat_gold_closets
D:2:      layout_basic, shapermc_ecumenical_altar_petra, uniq_jessica
D:3:      layout_basic, mainiacjoe_overflow_paths,
          nicolae_ru_great_annihilating_truth, gup_sewer_entry_pipe,
          uniq_sigmund, uniq_robin, uniq_terence
D:4:      wander_river, layout_loops_ring, nicolae_ashenzari_skybound,
          general_overflow_altar, uniq_grinder
D:5:      layout_rooms, kennysheep_little_box, minmay_temple_entry_arrows,
          grunt_decor_arrowhead, corner_web_ring, uniq_edmund
D:6:      cheibrodos_barr_body, layout_loops_ring
Temple:   hc_temple_tempest_star

Skill      XL: |  1  2  3  4  5  6  7  8 |
---------------+-------------------------+-----
Armour         | 3 4 5 6 |  6.3
Dodging        | 1 2 3 4 |  4.2
Shields        | 3 4 |  4.0
Fighting       | 4 5 6 |  6.7
Short Blades   | |  1.9
Throwing       | |  0.4

Action                   |  1- 3 |  4- 6 |  7- 9 || total
-------------------------+-------+-------+-------++-------
Melee: Rapier            |   109 |   212 |   246 ||   567
Throw: Throwing net      |       |       |     4 ||     4
  Use: Scroll            |       |     7 |       ||     7
       Potion            |       |     4 |     1 ||     5
 Stab: Paralysed         |       |     1 |       ||     1
       Held in net/web   |       |       |     2 ||     2
Armor: Scale mail        |    47 |   163 |    87 ||   297
Dodge: Dodged            |    47 |   127 |   108 ||   282
Block: Buckler           |    23 |    62 |    47 ||   132

Table legend: (Time is in decaauts)
 A = Elapsed time spent in this place.
 B = Non-inter-level travel time spent in this place.
 C = Inter-level travel time spent in this place.
 D = Time resting spent in this place.
 E = Time spent auto-exploring this place.
 F = Levels seen in this place.
 G = Mean time per level.
                   A        B        C        D        E       F      G
               +--------+--------+--------+--------+--------+-----+--------+
         Total |   6816 |   6618 |    198 |    948 |   4313 |   8 |  852.0 |
       Dungeon |   6093 |   5904 |    189 |    609 |   4087 |   6 | 1015.5 |
        Temple |    177 |    168 |      9 |      0 |    113 |   1 |  177.0 |
         Sewer |    545 |    545 |      0 |    339 |    113 |   1 |  545.0 |
               +--------+--------+--------+--------+--------+-----+--------+

Top non-repeatable levels by time:
     D:5: 1418 daAuts
     D:3: 1146 daAuts
     D:4: 1141 daAuts
     D:2: 1139 daAuts
     D:1: 1073 daAuts
   Sewer: 545 daAuts
  Temple: 177 daAuts
     D:6: 173 daAuts
